 Dungeon Crawl Stone Soup version 0.30.1-9-gdf580d7c3d (webtiles) character file.

Game seed: 2624107280817780989

229 Raikaria the Shooter (level 6, -5/52 HPs)
             Began as a Ghoul Hunter on Oct 1, 2023.
             Slain by Sigmund
             ... wielding a +0 scythe
              (10 damage)
             ... on level 3 of the Dungeon.
             The game lasted 00:06:36 (2668 turns).

Raikaria the Shooter (Ghoul Hunter)                 Turns: 2668, Time: 00:06:36

Health: -5/52      AC:  4    Str: 12 (15) XL:     6   Next: 3%
Magic:  5/5        EV: 12    Int:  2 (4)  God:
Gold:   221        SH:  0    Dex: 11 (14) Spells: 5/5 levels left

rFire   . . .        a - +0 shortbow
rCold   + . .        (shield currently unavailable)
rNeg    + + +        c - +0 leather armour
rPois   ∞            d - +0 helmet
rElec   .            (no cloak)
rCorr   .            (no gloves)
SInv    +            (no boots)
Will    .....        (no amulet)
Stlth   ++           o - ring of Qaycauny {SInv Stlth+}
HPRegen 0.00/turn    (no ring)
MPRegen 0.09/turn

%: no passive effects
@: confused, inhibited regen
A: claws 1, cold resistance 1, negative energy resistance 3, inhibited
regeneration, torment resistance 2, devour on kill
a: no special abilities


You were on level 3 of the Dungeon.
You visited 1 branch of the dungeon, and saw 4 of its levels.

You collected 221 gold pieces.

Inventory:

Hand Weapons
 a - a +0 shortbow (weapon)
Armour
 c - a +0 leather armour (worn)
 d - a +0 helmet (worn)
Jewellery
 o - the ring of Qaycauny (left claw) {SInv Stlth+}
   (You found it on level 2 of the Dungeon)

   [ring of see invisible]

   SInv:      It lets you see invisible.
   Stlth:     It makes you more stealthy.
Scrolls
 b - a scroll of immolation
 f - a scroll of noise {unknown}
 h - 4 scrolls of teleportation {unknown}
 k - 2 scrolls of vulnerability {unknown}
 l - a scroll of amnesia {unknown}
 m - 2 scrolls of fog {unknown}
 n - a scroll of identify {unknown}
Potions
 e - a potion of cancellation {unknown}
 g - a potion of curing {unknown}
 i - a potion of attraction {unknown}
 j - a potion of might {unknown}
 p - a potion of degeneration
 q - a potion of invisibility {unknown}
 r - a potion of flight {unknown}


   Skills:
 + Level 3.7 Fighting
 + Level 4.4 Ranged Weapons
 + Level 3.1 Dodging
 + Level 3.4 Stealth


You had 5 spell levels left.
You didn't know any spells.
Your spell library was empty.

Dungeon Overview and Level Annotations

Branches:
Dungeon (4/15)
 Temple: D:4-7

Altars:

Annotations:
D:3 Sigmund


Innate Abilities, Weirdness & Mutations

You are immune to poison.
You have sharp fingernails.
Your flesh is cold resistant. (rC+)
You are immune to negative energy. (rN+++)
You do not regenerate when monsters are visible.
You are immune to unholy pain and torment.
You thrive by killing the living.


Message History

You shoot an arrow. Sigmund barely misses you.
Non-targeted confused fire: a) +0 shortbow
Press: ? - help, Q - select action Dir - look around, f - activate You shoot an arrow.
Sigmund barely misses you.
Non-targeted confused fire: a) +0 shortbow
Press: ? - help, Q - select action Dir - look around, f - activate You shoot an arrow.
Sigmund screams, "Only death can liberate you!"
Sigmund completely misses you.
Non-targeted confused fire: a) +0 shortbow
Press: ? - help, Q - select action Dir - look around, f - activate You shoot an arrow.
Sigmund barely misses you.
Non-targeted confused fire: a) +0 shortbow
Press: ? - help, Q - select action Dir - look around, f - activate You shoot an arrow.
Sigmund casts a spell at you.
You are more confused.
Non-targeted confused fire: a) +0 shortbow
Press: ? - help, Q - select action Dir - look around, f - activate You shoot an arrow.
Sigmund hits you from afar with a +0 scythe.
* * * LOW HITPOINT WARNING * * *
Non-targeted confused fire: a) +0 shortbow
Press: ? - help, Q - select action Dir - look around, f - activate You shoot an arrow.
Sigmund closely misses you.
Non-targeted confused fire: a) +0 shortbow
Press: ? - help, Q - select action Dir - look around, f - activate You shoot an arrow.
Sigmund gestures at you while chanting. The magic dart hits you!
* * * LOW HITPOINT WARNING * * *
It was a potion of degeneration.
There was something very wrong with that liquid.
You feel weakened.
You feel dopey.
You feel clumsy.
Sigmund hits you from afar with a +0 scythe!
You die...

#...........# #......#
#####.#########.# #.####.#
......).# #.#####.# #.# #####.#.#
#.......# #[# #.#.#
###..########.#
#.#.######...........#.###### ###
#.#.##.....#..######.#....... <.#
#.#.##.#####..# #.######## #.#
#.#.##(# #@.# #.# #.# #.#.##.#
#..# ###.# #.###.#.##.# #@.#
##...##
...##.#...>#####..###.....###
#..##.......................##
#..####.###.####...........<.####
#..####...........#...)......^...
.................##.......#######
..............>..##..#...##


You could see Sigmund.

Vanquished Creatures
  2 orc priests
  An orc wizard (D:3)
  6 adders
  2 worms
  A dart slug (D:1)
  7 orcs (D:3)
  4 endoplasms
  3 giant cockroaches
  9 goblins
  6 hobgoblins
  8 jackals
  A quokka (D:3)
  5 ball pythons
  7 bats
  2 frilled lizards (D:1)
  4 kobolds
  7 rats
75 creatures vanquished.

Notes
Turn   | Place    | Note
-------+----------+-------------------------------------------
     0 | D:1      | Raikaria the Ghoul Hunter began the quest for the Orb.
     0 | D:1      | Reached XP level 1. HP: 17/17 MP: 0/0
    20 | D:1      | You fall into a shaft and drop 1 floor!
    81 | D:2      | Reached XP level 2. HP: 25/25 MP: 1/1
   376 | D:1      | Reached XP level 3. HP: 30/30 MP: 2/2
   994 | D:2      | Reached skill level 4 in Ranged Weapons
  1046 | D:2      | Reached XP level 4. HP: 35/38 MP: 3/3
  1240 | D:2      | Identified the ring of Qaycauny {SInv Stlth+}
  1793 | D:3      | Reached XP level 5. HP: 45/45 MP: 4/4
  1900 | D:3      | HP: 2/45 [orc priest/+0 trident (4)]
  2178 | D:3      | Noticed Sigmund
  2432 | D:3      | Reached XP level 6. HP: 52/52 MP: 5/5
  2668 | D:3      | Slain by Sigmund

Illustrated notes

Levels and vault maps discovered:
D:1:      onia_arrival_handbag, layout_loops_ring, kennysheep_nondescript,
          corexii_corridor_pit
D:2:      layout_loops_ring, chequers_serial_rivers_room_a
D:3:      layout_loops_ring, uniq_sigmund
D:4:      layout_cave_pools, minitemple, nzn_random_ring

Skill      XL: |  1  2  3  4  5 |
---------------+----------------+-----
Dodging        | 2 3 |  3.1
Stealth        | 2 3 |  3.4
Ranged Weapons | 4 |  4.4
Fighting       | 3 |  3.7

Action                     |  1- 3 |  4- 6 || total
---------------------------+-------+-------++-------
   Fire: Shortbow          |   120 |   155 ||   275
    Use: Potion            |       |     1 ||     1
 Armour: Leather armour    |    29 |    16 ||    45
  Dodge: Dodged            |    60 |    40 ||   100
